 Dungeon Crawl Stone Soup version 0.29.1-1-gd02db6906a (webtiles) character file.

Game seed: 5551701055686540147

190 NullDivider the Sneak (level 5, -1/31 HPs)
             Began as an Octopode Hedge Wizard on Sept 22, 2022.
             Slain by an ice beast (13 damage)
             ... on level 4 of the Dungeon.
             The game lasted 00:19:08 (3877 turns).

NullDivider the Sneak (Octopode Hedge Wizard)       Turns: 3877, Time: 00:19:09

Health: -1/31      AC:  1    Str: 10    XL:     5   Next: 69%
Magic:  6/10       EV: 13    Int: 16    God:
Gold:   167        SH:  0    Dex: 13    Spells: 6/11 levels left

rFire   . . .      SeeInvis .   u - +2 dagger (speed)
rCold   . . .      Faith    .   (no shield)
rNeg    . . .      Spirit   .   b - +0 hat
rPois   .          Reflect  .   (no amulet)
rElec   .          Harm     .   a - ring of resist corrosion
rCorr   +          Rampage  .   (no ring)
Will    .....                   (no ring)
Stlth   ++++......              (no ring)
HPRegen 0.10/turn               (no ring)
MPRegen 0.12/turn               (no ring)
                                (no ring)
                                (no ring)

@: on blink cooldown
A: almost no armour, amphibious, 8 rings, camouflage 1, gelatinous body 1,
(nimble swimmer 1), tentacles
a: no special abilities


You were on level 4 of the Dungeon.
You visited 1 branch of the dungeon, and saw 4 of its levels.

You collected 167 gold pieces.

Inventory:

Hand Weapons
 l - a +0 dagger of venom
 u - a +2 dagger of speed (weapon)
Armour
 b - a +0 hat (worn)
Jewellery
 a - a ring of resist corrosion (left tentacle)
Wands
 o - a wand of flame (20)
Scrolls
 e - a scroll of immolation {unknown}
 f - 6 scrolls of identify {unknown}
 h - a scroll of silence {unknown}
 i - 2 scrolls of magic mapping {unknown}
 k - 3 scrolls of amnesia {unknown}
 n - 2 scrolls of poison {unknown}
 p - a scroll of blinking {unknown}
 q - a scroll of noise {unknown}
Potions
 c - 4 potions of magic
 d - 3 potions of haste {unknown}
 g - 3 potions of curing {unknown}
 j - a potion of resistance {unknown}
 m - a potion of heal wounds {unknown}
 r - a potion of berserk rage {unknown}
 s - a potion of flight {unknown}
 t - a potion of brilliance {unknown}
 v - a potion of degeneration {unknown}


   Skills:
 * Level 2.0 Short Blades
 + Level 3.0 Dodging
 * Level 4.2 Stealth
 * Level 3.7 Spellcasting
 + Level 1.7 Conjurations
 + Level 1.6 Summonings
 + Level 1.6 Translocations


You had 6 spell levels left.
You knew the following spells:

 Your Spells              Type           Power      Damage    Failure   Level
a - Magic Dart            Conj           32%        1d4       9%          1
b - Call Imp              Summ           8%         N/A       14%         2
c - Blink                 Tloc           16%        N/A       14%         2

Your spell library contained the following spells:

 Spells                   Type           Power      Damage    Failure   Level
 Slow                     Hex            12%        N/A       17%         1
 Conjure Flame            Conj/Fire      5%         6-21      36%         3
 Mephitic Cloud           Conj/Pois/Air  4%         N/A       38%         3


Dungeon Overview and Level Annotations

Branches:
Dungeon (4/15)
 Temple: D:4-7

Altars:
Ashenzari
Elyvilon
Okawaru


Innate Abilities, Weirdness & Mutations

You cannot wear most types of armour.
You are amphibious.
You can wear up to eight rings at the same time.
Your skin changes colour to match your surroundings (Stealth+).
Your rubbery body absorbs attacks. (AC +1, EV +1)
((You are camouflaged when in or above water. (Stealth+)))
You have tentacles for arms and can constrict up to eight enemies at once.


Message History

The magic dart hits the adder.
The adder is moderately wounded.
You closely miss the adder. You grab the adder.
The adder is lightly wounded.
You constrict the adder. The adder misses you.
You hit the adder.
The adder is severely wounded.
You constrict the adder. The adder misses you.
You hit the adder.
You kill the adder!
Your Short Blades skill increases to level 2!
Your Dodging skill increases to level 3!
You start resting.
Your magical contamination has completely faded away.
You start resting.
Magic restored.
You open the door.
There is an open door here.
You open the door.
Found a stone staircase leading down.
There is an open door here.
You open the door.
There is an open door here.
You open the door.
There is an open door here.
An ice beast comes into view.
A kobold comes into view. It is wielding a +0 club.
The ice beast hits you. The ice beast freezes you!
You hit the ice beast but do no damage. The ice beast hits you.
The ice beast freezes you.
Casting: Magic Dart (safe; 9% risk of failure)
Confirm with . or Enter, or press ? or * to list all spells.
You blink.
Found 6 stones and a book of Rime.
The kobold shouts!
Casting: Blink (safe; 14% risk of failure)
Confirm with . or Enter, or press ? or * to list all spells.
A beastly little devil appears in a puff of flame.
The ice beast attacks as you move away! The ice beast hits you.
The ice beast freezes you!
You die...

#....^.....+
#..........#
##########..........#
#..........##########
#..........#
#..........#
#..........#
######KY..## #.@..#
#....# #..5.# ..##...
... (.:. .... .....#
..... .....# #.....
....#


You could see an ice beast (ally target), a kobold and a friendly crimson imp
(summoned).

Vanquished Creatures
  Natasha (twice) (D:3)
  4 adders
  3 worms
  3 dart slugs
  An orc (D:3)
  6 ball pythons
  3 endoplasms
  2 giant cockroaches
  11 goblins
  8 hobgoblins
  3 kobolds
  A quokka (D:2)
  5 bats
  4 frilled lizards
  7 rats
63 creatures vanquished.

Vanquished Creatures (collateral kills)
  Natasha (D:3)
1 creature vanquished.

Grand Total: 64 creatures vanquished

Notes
Turn   | Place    | Note
-------+----------+-------------------------------------------
     0 | D:1      | NullDivider the Octopode Hedge Wizard began the quest for
                  | the Orb.
     0 | D:1      | Reached XP level 1. HP: 11/11 MP: 4/4
   164 | D:1      | Reached XP level 2. HP: 6/17 MP: 6/6
   408 | D:1      | Reached skill level 3 in Stealth
   920 | D:1      | Reached XP level 3. HP: 18/21 MP: 7/7
  1165 | D:1      | Learned a level 2 spell: Call Imp
  1168 | D:1      | Learned a level 2 spell: Blink
  1548 | D:2      | Reached skill level 1 in Short Blades
  1697 | D:2      | Reached XP level 4. HP: 16/27 MP: 6/9
  2695 | D:3      | Noticed Natasha
  2707 | D:3      | Killed Natasha
  2744 | D:3      | Noticed Natasha
  2753 | D:3      | Killed Natasha
  2754 | D:3      | Reached skill level 4 in Stealth
  2754 | D:3      | Reached XP level 5. HP: 14/31 MP: 8/10
  2974 | D:3      | Found a broken altar of Ashenzari.
  2984 | D:3      | Found a white marble altar of Elyvilon.
  3209 | D:3      | Found an iron altar of Okawaru.
  3318 | D:3      | Noticed Natasha
  3333 | D:3      | Killed Natasha
  3866 | D:4      | Noticed an ice beast
  3877 | D:4      | Slain by an ice beast

Illustrated notes

Levels and vault maps discovered:
D:1:      beargit_arrival_greenhouse, layout_basic, dk_noncrumbling_3
D:2:      layout_loops_ring
D:3:      layout_basic, kennysheep_okawaru_gauntlet, nicolae_overflow_squiral,
          uniq_natasha
D:4:      layout_gridville, minmay_temple_entry_steel_oval,
          reono_crystal_passage, uniq_sigmund

Skill      XL: |  1  2  3  4  5 |
---------------+----------------+-----
Stealth        | 3 4 |  4.2
Short Blades   | 1 2 |  2.0
Dodging        | 3 |  3.0
Spellcasting   | |  3.7
Conjurations   | |  1.7
Summonings     | |  1.6
Translocations | |  1.6

Action                   |  1- 3 |  4- 6 || total
-------------------------+-------+-------++-------
Melee: Dagger            |    76 |    53 ||   129
       Constrict         |    19 |    15 ||    34
       Tentacles         |    13 |     5 ||    18
       Punch             |     1 |       ||     1
 Cast: Magic Dart        |     1 |    23 ||    24
       Call Imp          |       |     4 ||     4
       Blink             |       |     2 ||     2
 Stab: Sleeping          |     9 |    10 ||    19
       Distracted        |       |     1 ||     1
Armor: Skin              |     8 |     2 ||    10
Dodge: Dodged            |    33 |    24 ||    57
